| TOP OF THE 1ST |
|
Lansing Lugnuts batting - Pitching for Burlington Bees : LHP Mark Sanders
|
|
Pitching: LHP Mark Sanders
|
|
|
Batting: RHB Brian Manson
|
0-0: Ground out 5-3 (Groundball, 56, EV 78.8 MPH)
|
|
Batting: RHB Luis Gomez
|
0-0: Foul Ball, location: 2F 0-1: Called Strike 0-2: Foul Ball, location: 2F 0-2: Foul Ball, location: 2F 0-2: Ball 1-2: Strikes out swinging
|
|
Batting: RHB James Boynton
|
0-0: Ball 1-0: Swinging Strike 1-1: Ball 2-1: Swinging Strike 2-2: Ball 3-2: Base on Balls
|
|
Batting: LHB Marc Carter
|
0-0: Foul Ball, location: 2F Pickoff Throw to First - Out! 1-3 CS
|
| Top of the 1st over - 0 runs, 0 hits, 0 errors, 0 left on base; Lansing 0 - Burlington 0 |
| BOTTOM OF THE 1ST |
|
Burlington Bees batting - Pitching for Lansing Lugnuts : LHP Jon Valdovinos
|
|
Pitching: LHP Jon Valdovinos
|
|
|
Batting: RHB Dan Myers
|
0-0: Called Strike 0-1: Ball 1-1: Ground out 1-3 (Groundball, 13S, EV 69.4 MPH)
|
|
Batting: RHB Rory Cobb
|
0-0: Foul Ball, location: 2F 0-1: Ball 1-1: Foul Ball, location: 2F 1-2: Ball 2-2: Strikes out looking
|
|
Batting: LHB Ramon Garduno
|
0-0: Ball 1-0: Ball 2-0: Ball 3-0: Base on Balls
|
|
Batting: SHB Danny Gelinas
|
0-0: Ball 1-0: Called Strike 1-1: Swinging Strike 1-2: Foul Ball, location: 2F 1-2: Strikes out swinging
|
| Bottom of the 1st over - 0 runs, 0 hits, 0 errors, 1 left on base; Lansing 0 - Burlington 0 |
| TOP OF THE 2ND |
|
Lansing Lugnuts batting - Pitching for Burlington Bees : LHP Mark Sanders
|
|
Batting: LHB Marc Carter
|
0-0: Called Strike 0-1: Ball 1-1: Swinging Strike 1-2: Ball 2-2: Strikes out swinging
|
|
Batting: RHB Butch Koglin
|
0-0: Ball 1-0: Ball 2-0: Called Strike 2-1: Ball 3-1: Fly out, F7 (Flyball, 7, EV 90.6 MPH)
|
|
Batting: RHB Freddy Quintero
|
0-0: Ball 1-0: Ball 2-0: Called Strike 2-1: SINGLE (Groundball, 56D, EV 96.2 MPH)
|
|
Batting: RHB Carlos Renteria
|
0-0: Called Strike 0-1: Ball 1-1: Foul Ball, location: 2F 1-2: Ball 2-2: Ground out 4-3 (Groundball, 4, EV 105.0 MPH)
|
| Top of the 2nd over - 0 runs, 1 hit, 0 errors, 1 left on base; Lansing 0 - Burlington 0 |
| BOTTOM OF THE 2ND |
|
Burlington Bees batting - Pitching for Lansing Lugnuts : LHP Jon Valdovinos
|
|
Batting: LHB Pavla Markianov
|
0-0: Ball 1-0: Swinging Strike 1-1: Called Strike 1-2: Strikes out swinging
|
|
Batting: RHB Phil Knox
|
0-0: Ball 1-0: Ball 2-0: Ball 3-0: Called Strike 3-1: Foul Ball, location: 2F 3-2: Foul Ball, location: 2F 3-2: Fly out, F8 (Flyball, 8RXD, EV 95.6 MPH)
|
|
Batting: RHB Malachi Ephron
|
0-0: Ball 1-0: Foul Ball, location: 2F 1-1: Swinging Strike 1-2: Ground out 5-3 (Groundball, 5, EV 83.8 MPH)
|
| Bottom of the 2nd over - 0 runs, 0 hits, 0 errors, 0 left on base; Lansing 0 - Burlington 0 |
| TOP OF THE 3RD |
|
Lansing Lugnuts batting - Pitching for Burlington Bees : LHP Mark Sanders
|
|
Batting: RHB Jose Garza
|
0-0: Called Strike 0-1: Ball 1-1: DOUBLE (Line Drive, 89M, EV 95.6 MPH)
|
|
Batting: LHB Roger Escareno
|
0-0: Ball 1-0: Ball 2-0: Called Strike 2-1: Foul Ball, location: 2F 2-2: Foul Ball, location: 2F 2-2: SINGLE (Groundball, 5S, EV 66.9 MPH) (infield hit) Jose Garza to third
|
|
Batting: RHB Brian Manson
|
0-0: Swinging Strike 0-1: Ball 1-1: Fly out, F9 (Flyball, 89D, EV 98.8 MPH) Runner from 3rd tags up, SCORES, no throw by RF
|
|
Batting: RHB Luis Gomez
|
0-0: Called Strike 0-1: SINGLE (Line Drive, 9S, EV 105.6 MPH) Roger Escareno to second
|
|
Batting: RHB James Boynton
|
0-0: Ball 1-0: Foul Ball, location: 2F 1-1: Foul Ball, location: 2F 1-2: Foul Ball, location: 2F 1-2: Ball 2-2: Foul Ball, location: 2F 2-2: Fielders Choice at 2nd, 3-6 (Groundball, 34, EV 104.4 MPH) Roger Escareno to third
|
|
Batting: LHB Marc Carter
|
0-0: Ball 1-0: SINGLE (Flyball, 34D, EV 96.2 MPH) Roger Escareno scores James Boynton to second Runner from 2nd tries for 3rd, OUT! 9-5
|
| Top of the 3rd over - 2 runs, 4 hits, 0 errors, 1 left on base; Lansing 2 - Burlington 0 |
| BOTTOM OF THE 3RD |
|
Burlington Bees batting - Pitching for Lansing Lugnuts : LHP Jon Valdovinos
|
|
Batting: LHB Jamie Diebel
|
0-0: Foul Ball, location: 2F 0-1: Foul Ball, location: 2F 0-2: Strikes out swinging
|
|
Batting: SHB David Vigo
|
0-0: Called Strike 0-1: Ball 1-1: Called Strike 1-2: Ball 2-2: SINGLE (Line Drive, 9S, EV 107.5 MPH)
|
|
Batting: RHB Dan Myers
|
0-0: Called Strike 0-1: Fielders Choice at 2nd, 4-6 (Groundball, 4, EV 89.4 MPH)
|
|
Batting: RHB Rory Cobb
|
0-0: Called Strike 0-1: Ground out 5-3 (Groundball, 56S, EV 86.9 MPH)
|
| Bottom of the 3rd over - 0 runs, 1 hit, 0 errors, 1 left on base; Lansing 2 - Burlington 0 |
| TOP OF THE 4TH |
|
Lansing Lugnuts batting - Pitching for Burlington Bees : LHP Mark Sanders
|
|
Batting: RHB Butch Koglin
|
0-0: Ball 1-0: Ball 2-0: Ball 3-0: Called Strike 3-1: Base on Balls
|
|
Batting: RHB Freddy Quintero
|
0-0: Foul Ball, location: 2F 0-1: Grounds into double play, 6-4-3 (Groundball, 6, EV 80.0 MPH)
|
|
Batting: RHB Carlos Renteria
|
0-0: Fly out, F3 (Popup, 3SF, EV 83.1 MPH)
|
| Top of the 4th over - 0 runs, 0 hits, 0 errors, 0 left on base; Lansing 2 - Burlington 0 |
| BOTTOM OF THE 4TH |
|
Burlington Bees batting - Pitching for Lansing Lugnuts : LHP Jon Valdovinos
|
|
Batting: LHB Ramon Garduno
|
0-0: Ball 1-0: Swinging Strike 1-1: Ball 2-1: Swinging Strike 2-2: Foul Ball, location: 2F 2-2: Fly out, F8 (Flyball, 8RD, EV 94.4 MPH)
|
|
Batting: SHB Danny Gelinas
|
0-0: Swinging Strike 0-1: Ball 1-1: Swinging Strike 1-2: Ball 2-2: Foul Ball, location: 2F 2-2: Strikes out swinging
|
|
Batting: LHB Pavla Markianov
|
0-0: Called Strike 0-1: Ball 1-1: Ball 2-1: Ball 3-1: Foul Ball, location: 2F 3-2: Base on Balls
|
|
Batting: RHB Phil Knox
|
0-0: Fly out, F5 (Line Drive, 5, EV 66.9 MPH)
|
| Bottom of the 4th over - 0 runs, 0 hits, 0 errors, 1 left on base; Lansing 2 - Burlington 0 |
| TOP OF THE 5TH |
|
Lansing Lugnuts batting - Pitching for Burlington Bees : LHP Mark Sanders
|
|
Batting: RHB Jose Garza
|
0-0: Foul Ball, location: 2F 0-1: Ball 1-1: Foul Ball, location: 2F 1-2: Fly out, F8 (Flyball, 89S, EV 77.5 MPH)
|
|
Batting: LHB Roger Escareno
|
0-0: Called Strike 0-1: Ground out 4-3 (Groundball, 4, EV 103.1 MPH)
|
|
Batting: RHB Brian Manson
|
0-0: Swinging Strike 0-1: Ball 1-1: Swinging Strike 1-2: Ball 2-2: Strikes out swinging
|
| Top of the 5th over - 0 runs, 0 hits, 0 errors, 0 left on base; Lansing 2 - Burlington 0 |
| BOTTOM OF THE 5TH |
|
Burlington Bees batting - Pitching for Lansing Lugnuts : LHP Jon Valdovinos
|
|
Batting: RHB Malachi Ephron
|
0-0: Ball 1-0: Foul Ball, location: 2F 1-1: Called Strike 1-2: Ground out 6-3 (Groundball, 6, EV 101.2 MPH)
|
|
Batting: LHB Jamie Diebel
|
0-0: Fly out, F8 (Flyball, 8RD, EV 84.4 MPH)
|
|
Batting: SHB David Vigo
|
0-0: Ball 1-0: Ball 2-0: Called Strike 2-1: Called Strike 2-2: Strikes out looking
|
| Bottom of the 5th over - 0 runs, 0 hits, 0 errors, 0 left on base; Lansing 2 - Burlington 0 |
| TOP OF THE 6TH |
|
Lansing Lugnuts batting - Pitching for Burlington Bees : LHP Mark Sanders
|
|
Batting: RHB Luis Gomez
|
0-0: Ball 1-0: Ball 2-0: Ball 3-0: Base on Balls
|
|
Batting: RHB James Boynton
|
0-0: Called Strike Luis Gomez steals 2nd base 0-1: Foul Ball, location: 2F 0-2: Ball 1-2: Ball 2-2: Ground out 6-3 (Groundball, 6S, EV 81.9 MPH) Luis Gomez to third
|
|
Batting: LHB Marc Carter
|
0-0: Foul Ball, location: 2F 0-1: Ball 1-1: Foul Ball, location: 2F 1-2: Strikes out swinging
|
|
Batting: RHB Butch Koglin
|
0-0: Ball 1-0: Foul Ball, location: 2F 1-1: Called Strike 1-2: Foul Ball, location: 2F 1-2: Ball 2-2: Ball 3-2: Base on Balls
|
|
Pitching: RHP Humberto Paniagua
|
|
|
Batting: RHB Freddy Quintero
|
0-0: Called Strike 0-1: Called Strike 0-2: Ball 1-2: Ball 2-2: Ball 3-2: Base on Balls Butch Koglin to second
|
|
Batting: RHB Carlos Renteria
|
0-0: SINGLE (Groundball, 56D, EV 102.5 MPH) Luis Gomez scores Butch Koglin to third Freddy Quintero to second
|
|
Pinch Hitting: LHB Timo Gomez
|
0-0: Called Strike 0-1: Foul Ball, location: 2F 0-2: Ground out 4-3 (Groundball, 4, EV 81.9 MPH)
|
| Top of the 6th over - 1 run, 1 hit, 0 errors, 3 left on base; Lansing 3 - Burlington 0 |
| BOTTOM OF THE 6TH |
|
Burlington Bees batting - Pitching for Lansing Lugnuts : LHP Jon Valdovinos
|
|
Now at 2B: Jamie Ogilvie
|
|
|
Batting: RHB Dan Myers
|
0-0: Ball 1-0: Foul Ball, location: 2F 1-1: Foul Ball, location: 2F 1-2: Ball 2-2: Strikes out swinging
|
|
Batting: RHB Rory Cobb
|
0-0: Ball 1-0: Ball 2-0: Called Strike 2-1: Swinging Strike 2-2: Ball 3-2: Fly out, F7 (Flyball, 7S, EV 86.2 MPH)
|
|
Batting: LHB Ramon Garduno
|
0-0: Called Strike 0-1: Called Strike 0-2: Ball 1-2: Fly out, F9 (Flyball, 9, EV 90.0 MPH)
|
| Bottom of the 6th over - 0 runs, 0 hits, 0 errors, 0 left on base; Lansing 3 - Burlington 0 |
| TOP OF THE 7TH |
|
Lansing Lugnuts batting - Pitching for Burlington Bees : RHP Humberto Paniagua
|
|
Batting: LHB Roger Escareno
|
0-0: Fly out, F7 (Line Drive, 7LM, EV 89.4 MPH)
|
|
Batting: RHB Brian Manson
|
0-0: Called Strike 0-1: Ball 1-1: Swinging Strike 1-2: Strikes out swinging
|
|
Batting: RHB Luis Gomez
|
0-0: Foul Ball, location: 2F 0-1: Ball 1-1: Ball 2-1: Ground out 6-3 (Groundball, 6, EV 95.0 MPH)
|
| Top of the 7th over - 0 runs, 0 hits, 0 errors, 0 left on base; Lansing 3 - Burlington 0 |
| BOTTOM OF THE 7TH |
|
Burlington Bees batting - Pitching for Lansing Lugnuts : LHP Jon Valdovinos
|
|
Now at 2B: Dylan Phillips
|
|
|
Now at 3B: Jamie Ogilvie
|
|
|
Now in LF: Dan Hilyer
|
|
|
Batting: SHB Danny Gelinas
|
0-0: Foul Ball, location: 2F 0-1: Called Strike 0-2: Ball 1-2: Foul Ball, location: 2F 1-2: Ball 2-2: Ground out 6-3 (Groundball, 6, EV 76.9 MPH)
|
|
Batting: LHB Pavla Markianov
|
0-0: Called Strike 0-1: Ball 1-1: Swinging Strike 1-2: Strikes out swinging
|
|
Batting: RHB Phil Knox
|
0-0: Swinging Strike 0-1: Ball 1-1: Ball 2-1: Swinging Strike 2-2: Strikes out looking
|
| Bottom of the 7th over - 0 runs, 0 hits, 0 errors, 0 left on base; Lansing 3 - Burlington 0 |
| TOP OF THE 8TH |
|
Lansing Lugnuts batting - Pitching for Burlington Bees : RHP Humberto Paniagua
|
|
Batting: RHB James Boynton
|
0-0: Called Strike 0-1: Swinging Strike 0-2: Foul Ball, location: 2F 0-2: Ground out 5-3 (Groundball, 56, EV 100.6 MPH)
|
|
Batting: LHB Marc Carter
|
0-0: Called Strike 0-1: Ground out 4-3 (Groundball, 4, EV 90.6 MPH)
|
|
Batting: RHB Butch Koglin
|
0-0: Ball 1-0: Called Strike 1-1: Ball 2-1: Called Strike 2-2: Foul Ball, location: 2F 2-2: Ball 3-2: Base on Balls
|
|
Batting: RHB Freddy Quintero
|
0-0: Foul Ball, location: 2F 0-1: Called Strike 0-2: Strikes out swinging
|
| Top of the 8th over - 0 runs, 0 hits, 0 errors, 1 left on base; Lansing 3 - Burlington 0 |
| BOTTOM OF THE 8TH |
|
Burlington Bees batting - Pitching for Lansing Lugnuts : LHP Jon Valdovinos
|
|
Now at 1B: Rodrigo Briceno
|
|
|
Now in RF: Ricky Carbajal
|
|
|
Batting: RHB Malachi Ephron
|
0-0: Called Strike 0-1: Ball 1-1: Swinging Strike 1-2: Ball 2-2: Ball 3-2: Fly out, F7 (Flyball, 78M, EV 89.4 MPH)
|
|
Batting: LHB Jamie Diebel
|
0-0: Hit by Pitch
|
|
Batting: SHB David Vigo
|
0-0: Ball 1-0: Foul Ball, location: 2F 1-1: Foul Ball, location: 2F 1-2: Ball 2-2: Foul Ball, location: 2F 2-2: Strikes out looking
|
|
Pitching: RHP Danny Cervantes
|
|
|
Batting: RHB Dan Myers
|
0-0: DOUBLE (Flyball, 8RXD, EV 91.2 MPH) Jamie Diebel to third
|
|
Batting: RHB Rory Cobb
|
0-0: SINGLE (Groundball, 25, EV 65.0 MPH) (infield hit) Jamie Diebel scores Dan Myers to third
|
|
Pitching: LHP Sam Mathena
|
|
|
Batting: LHB Ramon Garduno
|
0-0: Foul Ball, location: 2F 0-1: Fly out, F6 (Popup, 56D, EV 65.0 MPH)
|
| Bottom of the 8th over - 1 run, 2 hits, 0 errors, 2 left on base; Lansing 3 - Burlington 1 |
| TOP OF THE 9TH |
|
Lansing Lugnuts batting - Pitching for Burlington Bees : RHP Humberto Paniagua
|
|
Pitching: RHP Chris Adams
|
|
|
Batting: RHB Carlos Renteria
|
0-0: Fly out, F8 (Flyball, 8LD, EV 97.5 MPH)
|
|
Batting: RHB Jamie Ogilvie
|
0-0: Ball 1-0: Ball 2-0: Foul Ball, location: 2F 2-1: Called Strike 2-2: Strikes out swinging
|
|
Batting: RHB Dylan Phillips
|
0-0: Foul Ball, location: 2F 0-1: Called Strike 0-2: Foul Ball, location: 2F 0-2: Foul Ball, location: 2F 0-2: Strikes out looking
|
| Top of the 9th over - 0 runs, 0 hits, 0 errors, 0 left on base; Lansing 3 - Burlington 1 |
| BOTTOM OF THE 9TH |
|
Burlington Bees batting - Pitching for Lansing Lugnuts : LHP Sam Mathena
|
|
Pitching: RHP Andres de Leon
|
|
|
Batting: SHB Danny Gelinas
|
0-0: Foul Ball, location: 2F 0-1: Swinging Strike 0-2: Ball 1-2: Foul Ball, location: 2F 1-2: Foul Ball, location: 2F 1-2: Ball 2-2: Ball 3-2: Foul Ball, location: 2F 3-2: Strikes out swinging
|
|
Batting: LHB Pavla Markianov
|
0-0: Ball 1-0: Swinging Strike 1-1: Swinging Strike 1-2: Strikes out swinging
|
|
Pinch Hitting: LHB Edgar van der Meeren
|
0-0: Called Strike 0-1: Foul Ball, location: 2F 0-2: Ball 1-2: Reached via error on a dropped throw from 2B, E3 (Groundball, 34, EV 81.2 MPH)
|
|
Batting: RHB Malachi Ephron
|
0-0: Ball 1-0: SINGLE (Groundball, 6MD, EV 94.4 MPH) Edgar van der Meeren to second
|
|
Batting: LHB Jamie Diebel
|
0-0: Ball 1-0: Fly out, F4 (Line Drive, 34D, EV 66.2 MPH)
|
| Bottom of the 9th over - 0 runs, 1 hit, 1 error, 2 left on base; Lansing 3 - Burlington 1 |
|